 Dungeon Crawl Stone Soup version 0.24.0-1-gfbc8707 (webtiles) character file.

Game seed: 10576808443620573991, levelgen mode: deterministic

279 Buxparty the Fighter (level 6, -9/57 HPs)
             Began as a Gnoll Wanderer on Jan 9, 2020.
             Mangled by Crazy Yiuf
             ... wielding a +3 quarterstaff of chaos
              (14 damage)
             ... on level 3 of the Dungeon.
             The game lasted 00:06:38 (1934 turns).

Buxparty the Fighter (Gnoll Wanderer)               Turns: 1934, Time: 00:06:40

Health: -9/57      AC:  3    Str: 15    XL:     6   Next: 26%
Magic:  8/8        EV: 12    Int: 14    God:
Gold:   138        SH:  5    Dex: 16    Spells: 8/8 levels left

rFire    . . .     SeeInvis .   a - +2 spear
rCold    . . .     Gourm    .   c - +0 buckler
rNeg     . . .     Faith    .   d - +0 robe
rPois    .         Spirit   .   h - +0 helmet
rElec    .         Reflect  .   (no cloak)
rCorr    .         Harm     .   (no gloves)
MR       .....                  (no boots)
Stlth    ++........             (no amulet)
HPRegen  0.19/turn              (no ring)
MPRegen  0.11/turn              (no ring)

@: slowed, very slow
A: distributed training, fangs 1, strong nose
a: no special abilities


You were on level 3 of the Dungeon.
You were not hungry.

You visited 1 branch of the dungeon, and saw 3 of its levels.

You collected 138 gold pieces.

Inventory:

Hand Weapons
 a - a +2 spear (weapon)
 b - a +0 hunting sling
 k - a +0 hand axe
Missiles
 n - 35 bolts
 o - 69 stones (quivered)
 v - 19 arrows
 x - 13 sling bullets
Armour
 c - a +0 buckler (worn)
 d - a +0 robe (worn)
 h - a +0 helmet (worn)
 p - a +0 ring mail
Wands
 t - a wand of polymorph (8)
Scrolls
 e - 5 scrolls of teleportation {unknown}
 l - 2 scrolls of remove curse {unknown}
 m - 2 scrolls of blinking {unknown}
 s - a scroll of fear {unknown}
 y - a scroll of identify {unknown}
 z - a scroll of enchant weapon {unknown}
Potions
 g - a potion of might {unknown}
 i - a potion of heal wounds
 j - a potion of cancellation {unknown}
 q - a potion of ambrosia {unknown}
 r - a potion of mutation {unknown}
 u - 2 potions of curing {unknown}
 w - a potion of resistance {unknown}
Comestibles
 f - 2 rations


   Skills:
 + Level 8.7 Fighting
 + Level 1.8 Short Blades
 + Level 1.8 Long Blades
 + Level 1.8 Axes
 + Level 1.8 Maces & Flails
 + Level 4.9 Polearms
 + Level 1.8 Staves
 + Level 1.8 Slings
 + Level 1.8 Bows
 + Level 1.8 Crossbows
 + Level 3.2 Throwing
 + Level 4.9 Armour
 + Level 1.8 Dodging
 + Level 1.8 Stealth
 + Level 3.2 Shields
 + Level 1.8 Unarmed Combat
 + Level 1.8 Spellcasting
 + Level 1.4 Conjurations
 + Level 1.4 Hexes
 + Level 1.4 Charms
 + Level 1.4 Summonings
 + Level 1.4 Necromancy
 + Level 1.4 Translocations
 + Level 1.4 Transmutations
 + Level 1.4 Fire Magic
 + Level 1.4 Ice Magic
 + Level 1.4 Air Magic
 + Level 1.4 Earth Magic
 + Level 1.4 Poison Magic
 + Level 2.0 Invocations
 + Level 1.8 Evocations


You had 8 spell levels left.
You didn't know any spells.
Your spell library was empty.

Dungeon Overview and Level Annotations

Branches:
Dungeon (3/15)

Altars:
Dithmenos
Wu Jian

Annotations:
D:3 Crazy Yiuf


Innate Abilities, Weirdness & Mutations

Your experience applies equally to all skills.
You have very sharp teeth.
Your uncanny sense of smell can sniff out nearby items.


Message History

Crazy Yiuf is almost dead.
Crazy Yiuf twirls on the spot.
Crazy Yiuf hits you with a +3 quarterstaff of chaos.
Crazy Yiuf burns you.
You hit Crazy Yiuf.
Crazy Yiuf is almost dead.
Crazy Yiuf hits you with a +3 quarterstaff of chaos!
* * * LOW HITPOINT WARNING * * *
You barely miss Crazy Yiuf.
Crazy Yiuf is almost dead.
Crazy Yiuf hits you with a +3 quarterstaff of chaos!
* * * LOW HITPOINT WARNING * * *
Crazy Yiuf closely misses you.
You closely miss Crazy Yiuf. You bite Crazy Yiuf, but do no damage.
Crazy Yiuf is almost dead.
Crazy Yiuf waves his quarterstaff at you.
Crazy Yiuf hits you with a +3 quarterstaff of chaos.
* * * LOW HITPOINT WARNING * * *
You are electrocuted!
You die...

#.# ###.#.#.#.# #
#.# #.#.#.#.# #
#.######.#.#.#.#
#
........########
# #.......# #
#.############# #
#.# ##....#.###
### # #.#
##......#..##...#
# #.#
#......####@g...#
# #.# #...))##
###..)# # #.#
#.##### ### #
#.####.## #
........#
#.####### #.# #.#
###


You could see Crazy Yiuf.

Vanquished Creatures
  Sigmund (D:2)
  4 adders (D:2)
  An ooze (D:3)
  2 worms
  A dart slug (D:1)
  4 orcs (D:3)
  3 giant cockroaches (D:2)
  8 goblins
  7 hobgoblins
  3 jackals (D:3)
  6 kobolds
  A quokka (D:2)
  2 ball pythons
  7 bats
  3 frilled lizards
  3 rats
56 creatures vanquished.

Notes
Turn   | Place    | Note
-------+----------+-------------------------------------------
     0 | D:1      | Buxparty the Gnoll Wanderer began the quest for the Orb.
     0 | D:1      | Buxparty set off with the following items: a +2 spear, a +0
                  | hand axe, a +0 buckler, a +0 robe, a ration
     0 | D:1      | Reached XP level 1. HP: 26/26 MP: 1/1
    70 | D:1      | Reached XP level 2. HP: 32/33 MP: 2/2
   547 | D:2      | Reached XP level 3. HP: 38/38 MP: 3/3
   607 | D:2      | Found a shadowy altar of Dithmenos.
   680 | D:2      | Reached skill level 1 in Invocations
   694 | D:2      | Reached skill level 1 in Short Blades
   694 | D:2      | Reached skill level 1 in Long Blades
   694 | D:2      | Reached skill level 1 in Axes
   694 | D:2      | Reached skill level 1 in Maces & Flails
   694 | D:2      | Reached skill level 1 in Staves
   694 | D:2      | Reached skill level 1 in Slings
   694 | D:2      | Reached skill level 1 in Bows
   694 | D:2      | Reached skill level 1 in Crossbows
   694 | D:2      | Reached skill level 1 in Dodging
   694 | D:2      | Reached skill level 1 in Stealth
   694 | D:2      | Reached skill level 1 in Unarmed Combat
   694 | D:2      | Reached skill level 1 in Spellcasting
   694 | D:2      | Reached skill level 1 in Evocations
   694 | D:2      | Reached XP level 4. HP: 45/45 MP: 5/5
   993 | D:2      | Noticed Sigmund
  1017 | D:2      | Killed Sigmund
  1017 | D:2      | Reached skill level 1 in Conjurations
  1017 | D:2      | Reached skill level 1 in Hexes
  1017 | D:2      | Reached skill level 1 in Charms
  1017 | D:2      | Reached skill level 1 in Summonings
  1017 | D:2      | Reached skill level 1 in Necromancy
  1017 | D:2      | Reached skill level 1 in Translocations
  1017 | D:2      | Reached skill level 1 in Transmutations
  1017 | D:2      | Reached skill level 1 in Fire Magic
  1017 | D:2      | Reached skill level 1 in Ice Magic
  1017 | D:2      | Reached skill level 1 in Air Magic
  1017 | D:2      | Reached skill level 1 in Earth Magic
  1017 | D:2      | Reached skill level 1 in Poison Magic
  1017 | D:2      | Reached XP level 5. HP: 43/51 MP: 5/7
  1017 | D:2      | Reached XP level 6. HP: 48/57 MP: 5/8
  1620 | D:3      | Found an ornate altar of the Wu Jian Council.
  1916 | D:3      | Found a runed translucent door.
  1917 | D:3      | Noticed Crazy Yiuf
  1934 | D:3      | Mangled by Crazy Yiuf

Levels and vault maps discovered:
D:1:      grunt_arrival_lava_bath, layout_rooms
D:2:      layout_loops_ring, first_ration,
          nicolae_dithmenos_through_a_glass_darkly, uniq_sigmund
D:3:      layout_basic, grunt_temple_overflow_diamond,
          nicolae_overflow_crystal_walls, uniq_crazy_yiuf_cottage

Skill      XL: |  1  2  3  4 |
---------------+-------------+-----
Invocations    | 1 2 |  2.0
Short Blades   | 1 |  1.8
Long Blades    | 1 |  1.8
Axes           | 1 |  1.8
Maces & Flails | 1 |  1.8
Staves         | 1 |  1.8
Slings         | 1 |  1.8
Bows           | 1 |  1.8
Crossbows      | 1 |  1.8
Dodging        | 1 |  1.8
Stealth        | 1 |  1.8
Unarmed Combat | 1 |  1.8
Spellcasting   | 1 |  1.8
Evocations     | 1 |  1.8
Throwing       | 3 |  3.2
Shields        | 3 |  3.2
Conjurations   | 1 |  1.4
Hexes          | 1 |  1.4
Charms         | 1 |  1.4
Summonings     | 1 |  1.4
Necromancy     | 1 |  1.4
Translocations | 1 |  1.4
Transmutations | 1 |  1.4
Fire Magic     | 1 |  1.4
Ice Magic      | 1 |  1.4
Air Magic      | 1 |  1.4
Earth Magic    | 1 |  1.4
Poison Magic   | 1 |  1.4
Fighting       | |  8.7
Polearms       | |  4.9
Armour         | |  4.9

Action                   |  1- 3 |  4- 6 || total
-------------------------+-------+-------++-------
Melee: Spear             |    59 |    55 ||   114
       Bite              |     2 |     7 ||     9
 Fire: Hunting sling     |    17 |    69 ||    86
 Stab: Sleeping          |     2 |       ||     2
       Distracted        |     1 |       ||     1
  Eat: Ration            |       |     1 ||     1
Armor: Robe              |     6 |     5 ||    11
Dodge: Dodged            |    16 |    28 ||    44
Block: Buckler           |     8 |    11 ||    19
